Map: 16 бит РВ

Players

ИИ 1 (ученик) - Winner!

  • Race: Protoss Protoss
  • Spawn Location: 1:00

Doll

  • Race: Zerg Zerg
  • Spawn Location: 7:00

VOD

Have the link to the VOD?

Description

Time

  • Played on: Aug. 10, 2022, 5:33 a.m.
  • Length: 12:14
Show
View Real Time Build Order
Export as new Build Order

ИИ 1 (ученик) Protoss - Winner!

Build Orders:  

Get SALT Encoding   

  12  0:00  Probe  
  13  0:13  Probe  
  14  0:19  Pylon  
  14  0:25  Probe  
  15  0:34  Probe  
  16  0:44  Assimilator  
  16  0:50  Gateway  
  16  0:53  Pylon  
  16  1:18  Assimilator  
  16  1:28  Zealot  
  16  1:39  Cybernetics Core  
  19  1:47  Probe  
  19  2:00  Probe  
  19  2:02  Pylon  
  19  2:07  Warp Gate  
  20  2:09  Probe  
  21  2:17  Probe, Adept  
  25  2:30  Probe  
  25  2:42  Probe  
  26  2:47  Stalker  
  28  3:17  Adept  
  28  3:19  Pylon  
  24  3:29  Probe  
  21  3:42  Probe  
  21  3:47  Adept  
  24  3:54  Probe  
  25  4:05  Probe  
  26  4:24  Zealot  
  28  4:44  Stalker  
  30  5:32  Sentry  
  30  5:33  Probe  
  33  5:35  Robotics Facility  
  33  5:38  Pylon  
  33  5:45  Probe  
  34  5:53  Stalker  
  36  5:57  Probe  
  37  6:09  Probe  
  38  6:16  Stalker  
  38  6:23  Observer  
  33  6:39  Stalker  
  35  6:44  Observer  
  36  6:57  Nexus  
  36  7:02  Sentry  
  38  7:25  Zealot  
  40  7:46  Adept  
  42  8:06  Probe  
  43  8:14  Probe x2  
  43  8:18  Assimilator  
  43  8:19  Assimilator  
  45  8:23  Probe  
  45  8:26  Probe  
  46  8:31  Probe  
  47  8:38  Probe  
  49  8:41  Probe  
  50  8:50  Probe  
  50  8:53  Probe  
  52  9:02  Probe  
  53  9:04  Probe  
  54  9:12  Probe  
  54  9:14  Probe  
  56  9:20  Probe  
  57  9:26  Probe  
  57  9:28  Probe  
  58  9:36  Probe  
  59  9:38  Probe  
  61  9:46  Probe  
  62  10:03  Warp Prism  
  62  10:16  Gateway, Zealot  
  62  10:18  Forge  
  62  10:20  Robotics Bay  
  66  10:21  Stargate  
  66  10:22  Stalker x2, Pylon  
  66  10:31  Warp Prism  
  68  10:44  Pylon  
  68  10:58  Zealot  
  68  11:00  Gravitic Boosters  
  55  11:04  Observer  
  55  11:08  Gateway  
  56  11:15  Sentry  
  58  11:19  Observer  
  58  11:31  Stalker  
  61  11:47  Stalker  
Show
View Real Time Build Order
Export as new Build Order

Doll Zerg 

Build Orders: Hatch First 

Get SALT Encoding   

  12  0:28  Hatchery  
  12  0:32  Drone  
  12  0:38  Drone  
  13  0:45  Overlord  
  13  0:51  Drone  
  14  1:10  Spawning Pool  
  13  1:11  Extractor  
  13  1:14  Drone  
  13  1:19  Drone  
  13  1:23  Drone  
  15  1:28  Drone  
  16  1:36  Drone  
  17  1:41  Drone  
  18  1:48  Drone  
  19  1:56  Zergling x2  
  19  1:58  Queen  
  22  2:02  Zergling x2  
  22  2:05  Zergling x2  
  24  2:09  Zergling x2  
  24  2:13  Zergling x2  
  26  2:20  Zergling x2  
  27  2:24  Zergling x2  
  28  2:30  Overlord  
  28  2:43  Roach Warren  
  27  2:46  Extractor  
  27  2:49  Drone  
  27  2:50  Drone  
  27  2:51  Drone  
  29  2:53  Drone  
  29  2:57  Drone  
  31  3:03  Drone  
  32  3:08  Drone  
  29  3:28  Hatchery  
  29  3:30  Drone x2  
  29  3:34  Drone  
  30  3:41  Spine Crawler  
  30  3:43  Drone  
  30  3:46  Drone  
  31  3:48  Drone  
  31  3:51  Drone  
  31  3:55  Drone  
  34  4:00  Roach  
  36  4:04  Overlord  
  36  4:12  Spine Crawler  
  36  4:13  Drone  
  36  4:16  Overlord  
  38  4:24  Roach x2  
  38  4:27  Roach  
  38  4:30  Roach  
  44  4:35  Roach  
  44  4:37  Roach  
  48  4:40  Roach  
  48  4:43  Drone  
  51  4:46  Drone  
  51  4:48  Drone  
  53  4:53  Queen  
  53  4:55  Drone  
  53  4:58  Drone  
  57  5:00  Drone  
  57  5:03  Overlord  
  58  5:12  Lair  
  58  5:17  Evolution Chamber  
  58  5:19  Overlord  
  57  5:23  Drone x2  
  57  5:24  Drone  
  57  5:25  Drone  
  57  5:27  Drone  
  62  5:29  Drone  
  62  5:32  Overlord  
  63  5:37  Roach  
  63  5:39  Roach  
  63  5:41  Roach  
  69  5:47  Baneling Nest, Drone  
  69  5:48  Drone  
  70  5:50  Drone  
  70  5:51  Drone  
  70  5:56  Zerg Ground Armor Level 1  
  72  5:58  Drone  
  72  5:59  Drone  
  72  6:02  Drone  
  72  6:04  Overlord  
  75  6:09  Pneumatized Carapace  
  75  6:11  Drone x3  
  77  6:16  Queen  
  80  6:20  Roach  
  80  6:22  Overlord  
  80  6:24  Roach  
  83  6:26  Roach  
  83  6:28  Roach  
  83  6:30  Roach  
  89  6:37  Hydralisk Den  
  89  6:38  Extractor  
  87  6:40  Infestation Pit  
  87  6:43  Drone x4  
  87  6:44  Evolution Chamber  
  87  6:45  Drone  
  87  6:46  Drone  
  91  6:48  Drone  
  91  6:50  Glial Reconstitution  
  92  6:54  Centrifugal Hooks  
  92  6:59  Extractor  
  91  7:07  Metabolic Boost  
  91  7:11  Zerg Missile Weapons Level 1  
  91  7:14  Hydralisk  
  91  7:15  Hatchery  
  92  7:16  Hydralisk  
  92  7:19  Overlord  
  92  7:21  Overseer  
  94  7:23  Overseer  
  94  7:29  Drone x3, Overlord  
  97  7:35  Overlord  
  97  7:38  Hydralisk x2  
  97  7:41  Hydralisk  
  103  7:46  Drone  
  103  7:47  Drone  
  103  7:48  Drone  
  103  7:49  Drone x2  
  108  7:53  Zerg Melee Weapons Level 1  
  108  7:55  Hydralisk  
  108  7:57  Hydralisk  
  112  8:01  Drone x2  
  112  8:02  Drone  
  115  8:08  Extractor x2  
  115  8:09  Drone  
  115  8:10  Drone x2  
  115  8:11  Queen  
  118  8:14  Overlord  
  118  8:17  Hydralisk  
  118  8:19  Drone  
  121  8:24  Overlord  
  121  8:28  Hydralisk x3  
  121  8:33  Hydralisk  
  121  8:34  Hydralisk  
  131  8:42  Drone  
  131  8:43  Drone  
  131  8:48  Hatchery  
  132  8:49  Drone x4  
  132  8:53  Queen  
  138  8:55  Hydralisk  
  138  8:58  Overlord  
  140  9:03  Drone x3  
  143  9:10  Overlord  
  143  9:11  Overlord  
  143  9:16  Hydralisk x2  
  143  9:17  Hydralisk x2  
  143  9:19  Overlord  
  151  9:24  Overlord  
  151  9:29  Hydralisk x4  
  159  9:34  Hive  
  159  9:35  Hydralisk  
  159  9:37  Hydralisk  
  163  9:40  Drone x2  
  163  9:43  Hydralisk  
  163  9:44  Hydralisk  
  163  9:45  Drone  
  170  9:46  Drone  
  170  9:48  Drone  
  170  9:49  Hydralisk  
  170  9:51  Hydralisk  
  176  9:53  Hydralisk  
  176  9:59  Hydralisk  
  178  10:00  Hydralisk  
  178  10:01  Drone  
  178  10:02  Drone  
  178  10:04  Overlord  
  184  10:10  Drone x2  
  184  10:11  Hydralisk  
  188  10:15  Drone, Overlord  
  188  10:18  Lurker Den  
  188  10:25  Hydralisk  
  188  10:26  Hydralisk x3  
  196  10:29  Overlord  
  196  10:37  Hydralisk  
  196  10:39  Drone  
  199  10:47  Hatchery x2  
  195  10:52  Ultralisk Cavern  
  195  10:53  Spire  
Tags
 
Matchup
ЗvП
Spawn Locations
Cross Positions
Add a new tag
Caveats
  • Supply blocks, unpowered buildings, or Contaminate may cause inaccurate times.
  • Supply counts are checked every 10 seconds.